 Dungeon Crawl Stone Soup version 0.26-a0-466-g989023bd0d (webtiles) character file.

Game seed: 423078520288631386

64 pk666 the Magician (level 3, 0/19 HPs)
             Began as a Deep Elf Hedge Wizard on Aug 11, 2020.
             Slain by a worm (6 damage)
             ... on level 2 of the Dungeon.
             The game lasted 00:03:42 (2436 turns).

pk666 the Magician (Deep Elf Hedge Wizard)          Turns: 2436, Time: 00:03:44

Health: 0/19       AC:  3    Str:  7    XL:     3   Next: 91%
Magic:  0/11       EV: 13    Int: 19    God:
Gold:   99         SH:  0    Dex: 14    Spells: 1/12 levels left

rFire    . . .     SeeInvis +   m - +0 dagger (holy)
rCold    . . .     Faith    .   (no shield)
rNeg     . . .     Spirit   .   b - +0 robe
rPois    .         Reflect  .   c - +0 hat
rElec    .         Harm     .   k - +0 cloak
rCorr    .                      (no gloves)
MR       .....                  (no boots)
Stlth    ++........             (no amulet)
HPRegen  0.06/turn              n - ring of see invisible
MPRegen  0.12/turn              (no ring)

@: no status effects
A: no striking features
a: no special abilities


You were on level 2 of the Dungeon.
You visited 1 branch of the dungeon, and saw 2 of its levels.

You collected 99 gold pieces.

Inventory:

Hand Weapons
 m - a +0 dagger of holy wrath (weapon)
Missiles
 l - 14 poisoned darts (quivered)
Armour
 b - a +0 robe (worn)
 c - a +0 hat (worn)
 k - a +0 cloak (worn)
Jewellery
 n - a ring of see invisible (left hand)
Scrolls
 a - a scroll of blinking {unknown}
 d - 2 scrolls of immolation {unknown}
 e - 2 scrolls of remove curse {unknown}
 f - 3 scrolls of fear {unknown}
 g - 6 scrolls of identify {unknown}
 h - 2 scrolls of teleportation {unknown}
 i - a scroll of amnesia {unknown}
Potions
 j - a potion of heal wounds {unknown}


   Skills:
 - Level 2.4 Dodging
 - Level 2.4 Stealth
 + Level 5.2 Spellcasting
 + Level 2.4 Conjurations
 + Level 1.3 Summonings
 + Level 1.8 Translocations
 + Level 0.7 Fire Magic
 + Level 0.5 Air Magic
 + Level 0.5 Poison Magic


You had one spell level left.
You knew the following spells:

 Your Spells              Type           Power        Failure   Level
a - Magic Dart            Conj           ##..         4%          1
b - Blink                 Tloc           N/A          9%          2
c - Conjure Flame         Conj/Fire      ##......     19%         3
d - Mephitic Cloud        Conj/Pois/Air  #.......     22%         3
e - Call Imp              Summ           ##......     11%         2

Your spell library contained the following spells:

 Spells                   Type           Power        Failure   Level
 Slow                     Hex            #.......     19%         2


Dungeon Overview and Level Annotations

Branches:
Dungeon (2/15)

Altars:

Annotations:
D:2 1 runed translucent door, Crazy Yiuf, Terence


Message History

You hit the worm.
The worm is almost dead.
You hit the worm but do no damage.
The worm is almost dead.
The worm barely misses you.
You hit the worm but do no damage.
The worm is almost dead.
You hit the worm.
The worm is almost dead.
The worm bites you!
Ouch! That really hurt!
Casting: Magic Dart (safe; 4% risk of failure)
Confirm with . or Enter, or press ? or * to list all spells.
Aiming: Magic Dart (safe; 4% risk of failure)
Press: ? - help, Shift-Dir - straight line, f/p - worm
Aim: a worm (almost dead)
The magic dart hits the worm but does no damage.
The worm is almost dead.
The worm bites you.
You die...

## ####..........## ..
................ ..
.............# ##
#...........# #...........#
#...........#
#########...........#
.........).....w@...#
##################.##
#....#### #.# #.#.# #.......#
#.# #.#.# #.......# #.# #.#.#
#.......# #.# #.#.#
#####.......# #.# #.#.#
#..........# #.# #.#.# #
#..........#######.###.#.##.#


You could see a worm.

Vanquished Creatures
  2 adders (D:2)
  2 worms (D:2)
  3 dart slugs (D:1)
  2 leopard geckos (D:1)
  A giant cockroach (D:2)
  2 goblins
  3 hobgoblins (D:1)
  A quokka (D:2)
  2 ball pythons (D:1)
  6 bats
  3 frilled lizards (D:2)
  7 kobolds
  2 rats
36 creatures vanquished.

Notes
Turn   | Place    | Note
-------+----------+-------------------------------------------
     0 | D:1      | pk666 the Deep Elf Hedge Wizard began the quest for the
                  | Orb.
     0 | D:1      | Reached XP level 1. HP: 10/10 MP: 7/7
   298 | D:1      | Reached XP level 2. HP: 15/15 MP: 7/9
   302 | D:1      | Learned a level 2 spell: Blink
   670 | D:1      | Reached skill level 5 in Spellcasting
  1315 | D:2      | Noticed Terence
  1353 | D:2      | Reached XP level 3. HP: 19/19 MP: 8/11
  1358 | D:2      | Learned a level 3 spell: Conjure Flame
  1362 | D:2      | Learned a level 3 spell: Mephitic Cloud
  1365 | D:2      | Learned a level 2 spell: Call Imp
  2132 | D:2      | Found a runed translucent door.
  2133 | D:2      | Noticed Crazy Yiuf
  2436 | D:2      | Slain by a worm

Illustrated notes

Levels and vault maps discovered:
D:1:      roderic_dead_forest, layout_loops_ring
D:2:      layout_basic, nicolae_overflow_hidden_temple, minmay_tiny_reverse_x,
          uniq_crazy_yiuf_cottage, uniq_terence

Skill      XL: |  1  2 |
---------------+-------+-----
Conjurations   | 2 |  2.4
Spellcasting   | 5 |  5.2
Dodging        | |  2.4
Stealth        | |  2.4
Summonings     | |  1.3
Translocations | |  1.8
Fire Magic     | |  0.7
Air Magic      | |  0.5
Poison Magic   | |  0.5

Action                   || total
-------------------------++-------
Melee: Dagger            ||    18
 Cast: Magic Dart        ||   134
Armor: Robe              ||     7
Dodge: Dodged            ||    21

Table legend: (Time is in decaauts)
 A = Elapsed time spent in this place.
 B = Non-inter-level travel time spent in this place.
 C = Inter-level travel time spent in this place.
 D = Time resting spent in this place.
 E = Time spent auto-exploring this place.
 F = Levels seen in this place.
 G = Mean time per level.
                   A        B        C        D        E       F      G
               +--------+--------+--------+--------+--------+-----+--------+
         Total |   2434 |   2258 |    176 |    456 |   1474 |   2 | 1217.0 |
       Dungeon |   2434 |   2258 |    176 |    456 |   1474 |   2 | 1217.0 |
               +--------+--------+--------+--------+--------+-----+--------+

Top non-repeatable levels by time:
     D:1: 1224 daAuts
     D:2: 1210 daAuts
